 Dungeon Crawl Stone Soup version 0.18-a0-1730-g73f0523 (webtiles) character file.

949 namelastname112 the Slasher (level 7, 0/61 HPs)
             Began as a Purple Draconian Chaos Knight on Apr 11, 2016.
             Slain by a giant cockroach (1 damage)
             ... on level 5 of the Dungeon.
             The game lasted 00:06:30 (4808 turns).

namelastname112 the Slasher (DrCK)                  Turns: 4808, Time: 00:06:30

Health: 0/61       AC:  8    Str: 14    XL:     7   Next: 89%
Magic:  7/7        EV: 14    Int: 12    God:    Xom [.....*]
Gold:   172        SH:  0    Dex: 15    Spells: 0 memorised, 6 levels left

rFire  . . .     SeeInvis .     a - +0 falchion (chaos)
rCold  . . .     Gourm    .     (armour unavailable)
rNeg   . . .     Faith    .     (no shield)
rPois  +         Spirit   .     m - +2 hat
rElec  .         Dismiss  .     (no cloak)
rCorr  .         Reflect  .     (no gloves)
SustAt .         Harm     .     (no boots)
MR     ++...     Clarity  +     (no amulet)
Stlth  +.........               (no ring)
                                o - ring of poison resistance

@: very resistant to hostile enchantments, very unstealthy
A: breathe power, unfitting armour, claws 1, talons 1, agile 1, clarity, magic
resistance 1, evolution 1, cold-blooded, AC +6
a: Breathe Dispelling Energy, Renounce Religion


You were on level 5 of the Dungeon.
You worshipped Xom.
You were Xom's teddy bear.
You were very hungry.

You visited 1 branch of the dungeon, and saw 5 of its levels.

You collected 172 gold pieces.

Inventory:

Hand Weapons
 a - a +0 falchion of chaos (weapon)
Armour
 g - a +0 shield
 m - a +2 hat (worn)
Jewellery
 o - a ring of poison resistance (left claw)
Scrolls
 c - a scroll of enchant armour {unknown}
 d - a scroll of magic mapping {unknown}
 e - a scroll of recharging {unknown}
 i - 2 scrolls of amnesia {unknown}
 j - a scroll of teleportation {unknown}
 k - 3 scrolls of random uselessness {unknown}
 l - a scroll of blinking {unknown}
 n - a scroll of fear {unknown}
 p - a scroll of noise {unknown}
 r - a scroll of enchant weapon {unknown}
 t - a scroll of immolation {unknown}
 w - 2 scrolls of remove curse {unknown}
 x - 4 scrolls of identify {unknown}
 y - a scroll of fog {unknown}
Potions
 q - 2 potions of lignification {unknown}
 s - 2 potions of mutation {unknown}
 v - a potion of cancellation {unknown}
 z - 2 potions of might {unknown}
Comestibles
 b - 4 bread rations
 f - a meat ration
 h - a beef jerky
 u - a slice of pizza


   Skills:
 + Level 5.4 Fighting
 * Level 6.6 Long Blades
 + Level 4.2 Dodging
 + Level 3.5 Shields


You had 6 spell levels left.
You didn't know any spells.

Dungeon Overview and Level Annotations

Branches:
Dungeon (5/15)
 Temple: D:4-7

Altars:
Cheibriados
Dithmenos
Xom


Innate Abilities, Weirdness & Mutations

You can breathe bolts of dispelling energy.
Your rich purple scales are hard (AC +6).
Your body does not fit into most forms of armour.
You are cold-blooded and may be slowed by cold attacks.
You have sharp fingernails.
You have sharp toenails.
You are agile. (Dex +2)
You possess an exceptional clarity of mind.
You are resistant to hostile enchantments.
You evolve.


Message History

You barely miss the adder zombie. The adder zombie barely misses you. x2
You hit the adder zombie.
Space warps horribly around the adder zombie!
You destroy the adder zombie!
The adder zombie bites you. The adder zombie misses you.
You open the door. The adder zombie misses you.
You hit the adder zombie.
The adder zombie suddenly stops moving!
You claw the adder zombie. You tail-slap the adder zombie.
The area is suffused with divine lightning!
The blast of lightning engulfs you!
Ouch! That really hurt!
The blast of lightning engulfs the adder zombie.
The adder zombie is destroyed!
The blast of lightning engulfs the quokka.
The quokka dies!
The worm is no longer berserk.
The giant cockroach bites you but does no damage.
The giant cockroach bites you.
You die...

#..s...#.##.#.##..###..
#..Z##.#.##.#..........
...... #.#.##.##.#..#....
###.#.##.#.##.##....#.#..
.......w................
###.#.##Z#.#........#.#..
# #s#.+............. #s#
#.....#..#.#.. #
##@####'##.#..#.#..
..#.#...###.##.........
.......................
##.#...###.####....#..
#.###................
#.##.................
#...............#....
#.##..#.#............
###.#...#.#..###.......


You could see a worm, 2 giant cockroaches and a centaur skeleton.

Vanquished Creatures
  Sigmund (D:4)
  Menkaure (D:4)
  3 phantoms (D:4)
  A centaur (D:5)
  A scorpion (D:4)
  A hound (D:4)
  An iron imp (D:3)
  2 giant frog skeletons
  A worker ant (D:4)
  5 adders
  An ooze (D:3)
  An adder zombie (D:5)
  4 worms
  A dart slug (D:2)
  3 giant geckos
  7 orcs
  2 giant cockroaches
  7 goblins
  8 hobgoblins
  7 jackals
  8 kobolds
  A quokka (D:3)
  A ball python (D:1)
  6 bats
  3 giant newts
  A jackal skeleton (D:4)
  8 rats
86 creatures vanquished.

Vanquished Creatures (others)
  An adder zombie (D:5)
  A quokka (D:5)
  14 toadstools (D:1)
16 creatures vanquished.

Grand Total: 102 creatures vanquished

Notes
Turn   | Place    | Note
--------------------------------------------------------------
     0 | D:1      | namelastname112 the Draconian Chaos Knight began the quest for the Orb.
     0 | D:1      | Reached XP level 1. HP: 19/19 MP: 1/1
   196 | D:1      | Reached XP level 2. HP: 26/26 MP: 2/2
   276 | D:1      | XOM: confuse monster(s)
   391 | D:1      | XOM: divination: detect creatures
   525 | D:1      | XOM: divination: detect creatures
   715 | D:2      | XOM: noise
   721 | D:2      | Reached XP level 3. HP: 19/31 MP: 3/3
   725 | D:2      | XOM: colour smoke trail
  1304 | D:3      | Noticed Grinder
  1306 | D:3      | Reached skill level 4 in Long Blades
  1313 | D:3      | XOM: harmless Ice miscast
  1335 | D:3      | Reached XP level 4. HP: 38/40 MP: 4/4
  1342 | D:3      | XOM: divination: detect creatures
  1345 | D:3      | XOM: divination: magic mapping
  1347 | D:3      | Reached skill level 1 in Shields
  1690 | D:2      | XOM: vitrification
  1804 | D:2      | XOM: give mutations
  1804 | D:2      | Gained mutation: You evolve. [Xom's grace]
  1804 | D:2      | Gained mutation: You have sharp fingernails. [Xom's grace]
  1804 | D:2      | Gained mutation: You are resistant to hostile enchantments. [Xom's grace]
  1807 | D:2      | XOM: give mutation
  1807 | D:2      | Gained mutation: You have sharp toenails. [Xom's grace]
  1972 | D:3      | XOM: swap monsters
  1980 | D:3      | Noticed Grinder
  1980 | D:3      | Grinder changed into Grinder the iron imp
  1980 | D:3      | XOM: polymorph Grinder -> Grinder the iron imp
  1988 | D:3      | XOM: divination: detect items
  2096 | D:3      | XOM: smoke on damage
  2098 | D:3      | Killed Grinder the iron imp
  2458 | D:3      | Found a snail-covered altar of Cheibriados.
  2555 | D:3      | Reached XP level 5. HP: 46/46 MP: 5/5
  2754 | D:3      | XOM: scenery: create altars
  2828 | D:4      | Noticed a phantom
  2831 | D:4      | XOM: enchant monster (bad)
  2849 | D:4      | XOM: potion effect (might)
  2850 | D:4      | XOM: enchant monster (good)
  2856 | D:4      | Killed a phantom
  2871 | D:4      | Noticed Menkaure
  2881 | D:4      | Killed Menkaure
  2881 | D:4      | Reached skill level 5 in Long Blades
  2881 | D:4      | Reached XP level 6. HP: 16/53 MP: 6/6
  2896 | D:4      | XOM: scenery: create altars
  3055 | D:4      | Found a shadowy altar of Dithmenos.
  3343 | D:4      | XOM: polymorph quokka -> hobgoblin
  3564 | D:4      | XOM: vitrification
  3756 | D:4      | XOM: give mutation
  3756 | D:4      | Gained mutation: You are agile. (Dex +2) [Xom's grace]
  3789 | D:4      | Gained mutation: You possess an exceptional clarity of mind. [evolution]
  3807 | D:4      | Your scales start taking on a rich purple colour.
  3807 | D:4      | Reached XP level 7. HP: 43/60 MP: 7/7
  3822 | D:4      | XOM: divination: detect creatures
  4252 | D:4      | Noticed Sigmund
  4278 | D:4      | Killed Sigmund
  4278 | D:4      | Reached skill level 5 in Fighting
  4278 | D:4      | Reached skill level 6 in Long Blades
  4337 | D:4      | XOM: scenery: create altars
  4348 | D:4      | XOM: fog
  4617 | D:4      | XOM: scenery: create altars
  4634 | D:5      | Entered Level 5 of the Dungeon
  4805 | D:5      | XOM: divine lightning
  4808 | D:5      | Slain by a giant cockroach

Vault maps used:
D:1:      nagdon_arrival_zigzag_paths
D:3:      cheibriados_altar_1, first_bread, uniq_grinder
D:4:      nicolae_dithmenos_the_darkroom, uniq_menkaure, uniq_sigmund
D:5:      minmay_temple_entry_fiery, grunt_pakellas_salt

Skill      XL: |  1  2  3  4  5  6  7 |
---------------+----------------------+-----
Long Blades    | 4 5 6 |  6.6
Shields        | 1 2 3 |  3.5
Fighting       | 4 5 |  5.4
Dodging        | 3 4 |  4.2

Action                   |  1- 3 |  4- 6 |  7- 9 || total
-------------------------+-------+-------+-------++-------
Melee: Falchion          |   146 |   185 |    87 ||   418
 Abil: Breathe Dispellin |       |       |     2 ||     2
  Use: Potion            |     2 |       |     1 ||     3
 Stab: Sleeping          |     1 |     1 |       ||     2
       Paralysed         |       |     1 |     1 ||     2
  Eat: Chunk             |     1 |     6 |       ||     7
       Meat ration       |       |     1 |       ||     1
